 Dungeon Crawl Stone Soup version 0.26-a0-812-g31a745ddcd (webtiles) character file.

Game seed: 1701668304422522935

184 kae the Insei (level 5, 0/30 HPs)
             Began as a Tengu Transmuter on Nov 23, 2020.
             Was an Initiate of Wu Jian.
             Slain by an orc priest
             ... wielding a +0 club
              (2 damage)
             ... on level 4 of the Dungeon.
             The game lasted 00:02:52 (5300 turns).

kae the Insei (Tengu Transmuter)                    Turns: 5300, Time: 00:02:53

Health: 0/30       AC:  3    Str: 12    XL:     5   Next: 64%
Magic:  7/9        EV: 15    Int: 13    God:    Wu Jian [......]
Gold:   136        SH:  0    Dex: 14    Spells: 4/8 levels left

rFire    . . .     SeeInvis .     - Unarmed
rCold    . . .     Faith    .   (no shield)
rNeg     . . .     Spirit   .   a - +1 robe
rPois    .         Reflect  .   (helmet restricted)
rElec    .         Harm     .   (no cloak)
rCorr    .         Rampage  .   (no gloves)
MR       .....                  (boots unavailable)
Stlth    +.........             (no amulet)
HPRegen  0.10/turn              (no ring)
MPRegen  0.11/turn              (no ring)

@: brilliant, flying quickly and evasively, quick
A: beak, talons 3, able to fly
a: Stop Flying, Renounce Religion


You were on level 4 of the Dungeon.
You worshipped Wu Jian.
Wu Jian was noncommittal.
You visited 1 branch of the dungeon, and saw 4 of its levels.

You collected 136 gold pieces.

Inventory:

Armour
 a - a +1 robe (worn)
Wands
 k - a wand of paralysis (11)
Scrolls
 c - a scroll of fear
 g - 2 scrolls of remove curse
 h - a scroll of identify
Potions
 b - a potion of might
 e - a potion of cancellation
 f - 3 potions of degeneration
 j - 2 potions of lignification


   Skills:
 + Level 2.0 Fighting
 + Level 1.6 Armour
 + Level 2.8 Dodging
 * Level 4.5 Unarmed Combat
 + Level 2.4 Spellcasting
 * Level 2.7 Transmutations


You had 4 spell levels left.
You knew the following spells:

 Your Spells              Type           Power        Failure   Level
a - Beastly Appendage     Tmut           ##....       8%          1
b - Spider Form           Tmut/Pois      #.........   38%         3

Your spell library contained the following spells:

 Spells                   Type           Power        Failure   Level
 Wereblood                Tmut           ##......     12%         2
 Ice Form                 Ice/Tmut       #.......     80%         4
 Blade Hands              Tmut           ##........   91%         5


Dungeon Overview and Level Annotations

Branches:
Dungeon (4/15)
 Temple: D:4-7

Altars:
Vehumet
Wu Jian

Annotations:
D:3 exclusion: orc wizard


Innate Abilities, Weirdness & Mutations

You have a beak for a mouth.
You have claws for feet.
You can fly continuously.


Message History

The orc is moderately wounded.
The orc completely misses you.
You barely miss the orc.
The orc is heavily wounded.
The orc completely misses you.
You hit the orc.
You kill the orc!
The Council accepts your kill.
You hit the orc priest.
The orc priest is lightly wounded.
The orc priest mumbles some strange prayers to Beogh against you.
Beogh smites you!
* * * LOW HITPOINT WARNING * * *
You hit the orc priest.
The orc priest is poisoned.
The orc priest is lightly wounded.
The orc priest misses you.
It was a potion of brilliance.
You feel clever all of a sudden.
Your transformation has ended.
Your +1 robe unmelds from your body.
The orc priest hits you with a +0 club.
You die...

#......#####.#
##..##.#####.
##..........#
#.#######...
#.# ##.# ###
##..#
....o###.#.#
#ooo@...#
#####.#.#
##.... #....
######


You could see an orc priest (poisoned), an orc wizard and 2 orcs.

Vanquished Creatures
  2 orc priests (D:2)
  A howler monkey zombie (D:3)
  Robin (D:2)
  An adder (D:3)
  An ufetubus (D:3)
  A worm (D:2)
  2 dart slugs (D:3)
  10 orcs
  3 giant cockroaches
  15 goblins
  8 hobgoblins
  4 jackals (D:1)
  A quokka (D:3)
  4 bats
  4 frilled lizards
  8 kobolds
  3 rats (D:1)
69 creatures vanquished.

Notes
Turn   | Place    | Note
-------+----------+-------------------------------------------
     0 | D:1      | kae the Tengu Transmuter began the quest for the Orb.
     0 | D:1      | Reached XP level 1. HP: 12/12 MP: 4/4
   576 | D:1      | Reached XP level 2. HP: 14/16 MP: 4/6
  1718 | D:2      | Reached XP level 3. HP: 14/20 MP: 5/7
  2031 | D:2      | Noticed Robin
  2180 | D:1      | Learned a level 3 spell: Spider Form
  2855 | D:2      | Killed Robin
  3173 | D:2      | Found a faded altar of an unknown god.
  3188 | D:2      | Reached XP level 4. HP: 14/25 MP: 8/8
  3531 | D:2      | Found an ornate altar of the Wu Jian Council.
  3554 | D:2      | Became a worshipper of the Wu Jian Council
  4237 | D:1      | Reached skill level 4 in Unarmed Combat
  4261 | D:2      | Reached skill level 1 in Armour
  4398 | D:2      | Gained mutation: You can fly continuously. [Tengu growth]
  4398 | D:2      | Reached XP level 5. HP: 23/30 MP: 2/9
  4771 | D:3      | Found a radiant altar of Vehumet.
  5298 | D:4      | HP: 1/30 [orc priest/divine providence (14)]
  5300 | D:4      | Slain by an orc priest

Illustrated notes

Levels and vault maps discovered:
D:1:      evilmike_arrival_rings, layout_basic, hex_intersection, nrook_uturn
D:2:      layout_rooms, lemuel_crystal_altar,
          chequers_ecumenical_altar_simple_redux, uniq_robin
D:3:      layout_rooms, vehumet_crystals
D:4:      layout_loops_ring, overflow_temple_1_default,
          minmay_temple_entry_drinking_statues, minivault_1, uniq_sigmund

Skill      XL: |  1  2  3  4  5 |
---------------+----------------+-----
Transmutations | 2 |  2.7
Unarmed Combat | 4 |  4.5
Armour         | 1 |  1.6
Fighting       | 2 |  2.0
Dodging        | |  2.8
Spellcasting   | |  2.4

Action                   |  1- 3 |  4- 6 || total
-------------------------+-------+-------++-------
Melee: Unarmed           |    86 |    79 ||   165
       Kick              |    13 |    14 ||    27
       Headbutt          |    10 |     2 ||    12
       Peck              |     9 |     5 ||    14
       Punch             |     2 |       ||     2
 Cast: Beastly Appendage |    24 |     9 ||    33
       Spider Form       |     2 |     5 ||     7
Invok: Lunge             |       |     1 ||     1
 Abil: Fly               |       |     1 ||     1
  Use: Scroll            |     3 |     7 ||    10
       Potion            |     1 |     2 ||     3
Armor: Robe              |    15 |     4 ||    19
       Skin              |     2 |     1 ||     3
Dodge: Dodged            |    75 |    61 ||   136

Table legend: (Time is in decaauts)
 A = Elapsed time spent in this place.
 B = Non-inter-level travel time spent in this place.
 C = Inter-level travel time spent in this place.
 D = Time resting spent in this place.
 E = Time spent auto-exploring this place.
 F = Levels seen in this place.
 G = Mean time per level.
                   A        B        C        D        E       F      G
               +--------+--------+--------+--------+--------+-----+--------+
         Total |   5251 |   5137 |    114 |   1374 |   3222 |   4 | 1312.8 |
       Dungeon |   5251 |   5137 |    114 |   1374 |   3222 |   4 | 1312.8 |
               +--------+--------+--------+--------+--------+-----+--------+

Top non-repeatable levels by time:
     D:1: 2672 daAuts
     D:2: 1838 daAuts
     D:3: 712 daAuts
     D:4: 27 daAuts
